 Dungeon Crawl Stone Soup version 0.19-a0-1067-g0b1d89b (webtiles) character file.

5398 AlphabetPasta the Quickloader (level 10, -3/86 HPs)
             Began as a Mottled Draconian Wanderer on Aug 3, 2016.
             Was an Elder of Okawaru.
             Slain by a bone dragon (14 damage)
             ... on level 1 of the Abyss on Aug 4, 2016.
             The game lasted 00:46:36 (9980 turns).

AlphabetPasta the Quickloader (DrWn)                Turns: 9980, Time: 00:46:37

Health: -3/86      AC: 10    Str: 16    XL:     10   Next: 40%
Magic:  14/14      EV: 15    Int: 19    God:    Okawaru [****..]
Gold:   405        SH:  0    Dex: 14    Spells: 0 memorised, 9 levels left

rFire  + . .     SeeInvis +     K - +3 hand crossbow of the Final Chapter {velocity, rF+ Int+6 Dex+2 SInv} (curse)
rCold  . . .     Gourm    .     (armour unavailable)
rNeg   . . .     Faith    .     (no shield)
rPois  .         Spirit   .     (helmet restricted)
rElec  .         Dismiss  .     C - +0 cloak
rCorr  .         Reflect  .     D - +0 pair of gloves
SustAt +         Harm     .     m - +0 pair of boots
MR     +....                    (no amulet)
Stlth  ++........               o - ring of sustain attributes
                                e - ring of protection from magic

@: about to teleport, studying Crossbows
A: breathe sticky flame splash, unfitting armour, cold-blooded, AC +7
a: Breathe Sticky Flame, Heroism, Renounce Religion


You were on level 1 of the Abyss.
You worshipped Okawaru.
Okawaru was greatly pleased with you.
You were not hungry.

You visited 2 branches of the dungeon, and saw 11 of its levels.
You visited the Abyss 1 time.

You collected 515 gold pieces.
You spent 110 gold pieces at shops.

Inventory:

Hand Weapons
 a - a +2 war axe
 b - a +2 hand crossbow
 K - the cursed +3 hand crossbow of the Final Chapter (weapon) {velocity, rF+ Int+6 Dex+2 SInv}
   (You found it on level 1 of the Abyss)

   Any bolt fired from it inflicts extra damage.
   It affects your intelligence (+6).
   It affects your dexterity (+2).
   It protects you from fire.
   It lets you see invisible.
   It has a curse placed upon it.
Missiles
 k - 70 bolts (quivered)
 q - 2 javelins
Armour
 m - a +0 pair of boots (worn)
 C - a +0 cloak (worn)
 D - a +0 pair of gloves (worn)
 J - the -3 pair of gloves "Gib Paf" {+Fly rPois Int+6 Dex-3}
   (You found it on level 10 of the Dungeon)

   It affects your intelligence (+6).
   It affects your dexterity (-3).
   It protects you from poison.
   It lets you fly.
Jewellery
 e - a ring of protection from magic (left hand)
 o - a ring of sustain attributes (right hand)
Wands
 g - a wand of flame (17/48)
 h - a wand of digging (15/24)
 v - a wand of confusion (15/48)
 w - a wand of disintegration (3/24)
 y - a wand of polymorph (8/24)
 A - a wand of iceblast (11/15)
 B - a wand of slowing (18/48)
 F - a wand of disintegration (12/24)
 G - a wand of digging (11/24)
 I - a wand of lightning (9/15)
Scrolls
 d - 6 scrolls of teleportation
 l - 2 scrolls of fear
 s - 4 scrolls of remove curse
 z - a scroll of enchant armour
 L - a scroll of amnesia
Potions
 c - a potion of cure mutation {unknown}
 j - a potion of magic
 p - 4 potions of haste
 r - 2 potions of resistance
 t - a potion of curing
 u - a potion of flight
 E - 3 potions of agility
Books
 H - a manual of Crossbows
Comestibles
 f - 8 bread rations
 i - 6 meat rations
 n - a slice of pizza
 x - 10 beef jerkies


   Skills:
 + Level 7.3 Fighting
   Level 1.0 Short Blades
 * Level 8.1(8.2) Axes
   Level 0.6(5.1) Polearms
 * Level 8.8 Crossbows
 - Level 1.0 Throwing
 + Level 5.8 Dodging
 - Level 1.0 Stealth
 + Level 5.8 Invocations


You had 9 spell levels left.
You didn't know any spells.

Dungeon Overview and Level Annotations

Branches:
Dungeon (10/15)            Temple (1/1) D:4
   Lair: D:8-11         Orc: D:9-12

Altars:
Ashenzari
Cheibriados
Dithmenos
Elyvilon
Fedhas
Gozag
Hepliaklqana
Kikubaaqudgha
Makhleb
Nemelex Xobeh
Okawaru
Pakellas
Qazlal
Ru
Sif Muna
Trog
Uskayaw
Vehumet
Xom
Yredelemnul
Zin
The Shining One

Shops:
D:5 *

Annotations:
D:9 Psyche


Innate Abilities, Weirdness & Mutations

You can spit globs of burning liquid.
You can ignite nearby creatures when you spit burning liquid.
Your weird mottled scales are hard. (AC +7)
Your body does not fit into most forms of armour.
You are cold-blooded and may be slowed by cold attacks.


Message History

The bone dragon claws you! The bone dragon barely misses you.
The bone dragon bites you! The bone dragon claws you.
The bone dragon tramples you but does no damage.
As you read the scroll of teleportation, it crumbles to dust.
You feel strangely unstable.
You feel the power of the Abyss delaying your translocation!
The bone dragon bites you!!
The bone dragon claws you but does no damage.
The bone dragon tramples you.
You stumble backwards!
A small abomination comes into view.
The bone dragon bites you!!
* * * LOW HITPOINT WARNING * * *
The bone dragon claws you!
* * * LOW HITPOINT WARNING * * *
The bone dragon tramples you!
* * * LOW HITPOINT WARNING * * *
You stumble backwards!
Okay, then.
You feel better. The bone dragon bites you!
You die...

.......## ##.#... .
.#
#......###....#..###
#....#.#..##.#..## #
#......##..# .#..# #
#........###..# #..#
≈≈ ###......x#..####
. #. ≈
......_....#.#.#.#.#
.§ ≈ #
#.....8.D.)#....#. .
#..≈≈ #.. #.
.#@.......##.#.#. #
.#..#####..#.....
### ≈ ...#..
...##...# . . . #..
.##.. .#.# #...# .
#. ## ##..#.#### .
.≈≈ . ##.#### . #.
≈≈ # ## ≈≈ #. ### §≈
. # ...


You could see a bone dragon and a small abomination.

Vanquished Creatures
  An unseen horror (D:8)
  A hill giant (D:10)
  Pikel (D:5)
  A two-headed ogre (D:8)
  A shadow (D:7)
  Edmund (D:6)
  A black bear (D:6)
  An orc warrior (D:7)
  An eye of draining (shapeshifter) (D:10)
  3 ice beasts
  2 sky beasts (D:6)
  3 slaves (D:5)
  3 phantoms
  2 wasps (D:8)
  The ghost of archl the Poker, an amateur MfAK of Lugonu (D:3)
  3 ogres
  2 centaurs
  4 giant frogs
  A big kobold (D:9)
  A wyvern zombie (D:6)
  A gnoll sergeant (D:6)
  3 scorpions
  4 wights (D:6)
  3 howler monkeys
  2 crimson imps
  A quasit (D:6)
  A centaur zombie (D:8)
  A gnoll shaman (D:6)
  4 hounds
  2 jellies
  2 iguanas (D:6)
  5 orc wizards
  4 worker ants
  Robin (D:2)
  8 adders
  7 gnolls (D:6)
  2 shadow imps (D:5)
  An adder skeleton (D:5)
  2 worms (D:3)
  7 giant geckos
  28 orcs
  4 giant cockroaches
  18 goblins
  7 hobgoblins
  11 jackals
  4 kobolds
  6 quokkas
  3 ball pythons
  A ball python skeleton (D:4)
  3 bats
  2 giant newts
  A jackal zombie (D:6)
  A quokka skeleton (D:4)
  A quokka zombie (D:5)
  9 rats
194 creatures vanquished.

Notes
Turn   | Place    | Note
-------+----------+-------------------------------------------
     0 | D:1      | AlphabetPasta the Draconian Wanderer began the quest for the Orb.
     0 | D:1      | AlphabetPasta set off with: a +2 hand crossbow, 23 bolts, a potion of lignification, a scroll of teleportation, a bread ration
     0 | D:1      | Reached XP level 1. HP: 19/19 MP: 1/1
     0 | D:1      | Noticed a minotaur
     3 | D:1      | Noticed a naga
     3 | D:1      | Noticed a vampire
     5 | D:1      | Noticed a dwarf
     6 | D:1      | Noticed a troll
     7 | D:1      | Noticed an elf
     8 | D:1      | Noticed a human
    10 | D:1      | Noticed a vine stalker
    12 | D:1      | Noticed a gargoyle
    14 | D:1      | Noticed a formicid
    16 | D:1      | Noticed a troll
    16 | D:1      | Noticed a naga
    19 | D:1      | Noticed a vine stalker
    21 | D:1      | Noticed a troll
   467 | D:1      | Reached XP level 2. HP: 26/26 MP: 2/2
   779 | D:2      | Reached skill level 1 in Axes
   779 | D:2      | Reached XP level 3. HP: 27/31 MP: 3/3
  1102 | D:2      | Noticed Robin
  1119 | D:2      | Killed Robin
  1119 | D:2      | Reached XP level 4. HP: 36/40 MP: 4/4
  1943 | D:3      | Reached XP level 5. HP: 40/46 MP: 5/5
  2010 | D:3      | Noticed archl's ghost (amateur MfAK)
  2231 | D:3      | Killed archl's ghost
  2832 | D:4      | Reached XP level 6. HP: 52/53 MP: 6/6
  3401 | D:4      | Found a staircase to the Ecumenical Temple.
  3407 | Temple   | Entered the Ecumenical Temple
  3503 | Temple   | Became a worshipper of Warmaster Okawaru
  3630 | D:4      | Upgraded the game from 0.19-a0-1065-gdac414d to 0.19-a0-1067-g0b1d89b
  3631 | D:5      | Entered Level 5 of the Dungeon
  3706 | D:5      | Found Gellaenn's General Store.
  3711 | D:5      | Bought a potion of resistance for 110 gold pieces
  3970 | D:5      | Your scales start taking on a weird mottled colour.
  3970 | D:5      | Reached XP level 7. HP: 49/60 MP: 7/7
  4135 | D:5      | Noticed Pikel
  4193 | D:5      | Killed Pikel
  4193 | D:5      | Reached * piety under Okawaru
  4193 | D:5      | Reached skill level 5 in Fighting
  4193 | D:5      | Reached skill level 5 in Crossbows
  4276 | D:5      | Reached XP level 8. HP: 64/68 MP: 9/9
  4420 | D:5      | Reached skill level 5 in Axes
  4433 | D:5      | Reached ** piety under Okawaru
  5288 | D:6      | Reached XP level 9. HP: 60/75 MP: 11/11
  5629 | D:6      | Noticed Edmund
  5674 | D:6      | Killed Edmund
  5674 | D:6      | Reached *** piety under Okawaru
  6793 | D:7      | Reached skill level 5 in Dodging
  7702 | D:7      | Identified a scroll of acquirement
  7876 | D:8      | You fall through a shaft for 2 floors!
  7876 | D:10     | Entered Level 10 of the Dungeon
  7933 | D:10     | Reached skill level 5 in Invocations
  7934 | D:10     | Noticed a hill giant
  7953 | D:10     | Killed a hill giant
  7953 | D:10     | Reached **** piety under Okawaru
  8110 | D:10     | Reached XP level 10. HP: 86/86 MP: 13/13
  8133 | D:10     | Got a pair of brightly glowing gloves
  8153 | D:10     | Identified the cursed -3 pair of gloves "Gib Paf" {+Fly rPois Int+6 Dex-3} (You found it on level 10 of the Dungeon)
  8324 | D:8      | Noticed an unseen horror
  8350 | D:8      | Killed an unseen horror
  8481 | D:8      | Received a gift from Okawaru
  9597 | D:8      | Found a hazy altar of Hepliaklqana.
  9883 | D:9      | Found a hazy altar of Hepliaklqana.
  9883 | D:9      | Found a white marble altar of Elyvilon.
  9883 | D:9      | Found an opulent altar of Gozag.
  9883 | D:9      | Found a glowing silver altar of Zin.
  9883 | D:9      | Found a snail-covered altar of Cheibriados.
  9883 | D:9      | Noticed Psyche
  9886 | D:9      | Cast into level 1 of the Abyss (Psyche)
  9886 | Abyss:1  | Found a corrupted altar of Lugonu.
  9916 | Abyss:1  | Noticed a smoke demon
  9928 | Abyss:1  | Got a jewelled hand crossbow
  9931 | Abyss:1  | Identified the cursed +3 hand crossbow of the Final Chapter {velocity, rF+ Int+6 Dex+2 SInv} (You found it on level 1 of the Abyss)
  9955 | Abyss:1  | Noticed a bone dragon
  9979 | Abyss:1  | HP: 4/86 [bone dragon (7)]
  9980 | Abyss:1  | Slain by a bone dragon

Vault maps used:
D:1:      shiori_arrival_whats_in_store_for_you
D:2:      uniq_robin
D:3:      kennysheep_big_flooded_room, minmay_misc_feat_rows
D:4:      first_bread
D:5:      kennysheep_six_static_rooms, serial_shops, kennysheep_little_box,
          minivault_19, uniq_pikel
D:6:      uniq_edmund
D:8:      basic_altar, grunt_ogre_cave
D:9:      grunt_temple_overflow_open, david_lair_shrubbed, erik_orc_1,
          minmay_misc_feat_columns, uniq_psyche
D:10:     serial_shops, nicolae_shop_temple_entry_statues_fountains,
          nicolae_gozag_cash_rules_everything_around_me
Temple:   minmay_temple_bridge_d

Skill      XL: |  1  2  3  4  5  6  7  8  9 10 |
---------------+-------------------------------+-----
Dodging        | 2 3 4 5 |  5.8
Crossbows      | 2 3 4 5 6 7 8 |  8.8
Axes           | 1 2 3 4 6 7 8 |  8.1
Fighting       | 4 5 6 7 |  7.3
Invocations    | 2 3 5 |  5.8
Short Blades   | |  1.0
Polearms       | |  0.6
Throwing       | |  1.0
Stealth        | |  1.0

Action                   |  1- 3 |  4- 6 |  7- 9 | 10-12 || total
-------------------------+-------+-------+-------+-------++-------
Melee: Hand axe          |     9 |    68 |       |       ||    77
       Tailslap          |     3 |    11 |    34 |     7 ||    55
       War axe           |       |    19 |   208 |    76 ||   303
       Unarmed           |       |       |    13 |       ||    13
       Hand crossbow     |       |       |       |     1 ||     1
 Fire: Hand crossbow     |    73 |    77 |   182 |    30 ||   362
Invok: Heroism           |       |       |     6 |     2 ||     8
 Abil: Breathe Sticky Fl |       |       |     6 |     5 ||    11
Evoke: Wand              |       |       |     1 |     5 ||     6
  Use: Scroll            |       |    13 |     7 |     6 ||    26
       Potion            |       |       |     2 |     4 ||     6
 Stab: Distracted        |       |     1 |       |       ||     1
       Sleeping          |       |     1 |     1 |     1 ||     3
  Eat: Chunk             |       |     9 |    12 |     3 ||    24
       Fruit             |       |       |     2 |       ||     2
       Pizza             |       |       |     1 |       ||     1
       Meat ration       |       |       |       |     1 ||     1
Armor: Skin              |    12 |    30 |    74 |    41 ||   157
Dodge: Dodged            |    31 |    77 |   169 |    65 ||   342
